 Dungeon Crawl Stone Soup version 0.17.1-1-g73c8601 (webtiles) character file.

592 Gargoyl the Digger (level 7, -3/36 HPs)
             Began as a Gargoyle Earth Elementalist on Dec 25, 2015.
             Was an Initiate of Vehumet.
             Killed by divine providence
             ... invoked by an orc priest
              (14 damage)
             ... on level 4 of the Dungeon.
             The game lasted 01:13:30 (5970 turns).

Gargoyl the Digger (Gargoyle Earth Elementalist)    Turns: 5970, Time: 01:13:30

Health: -3/36      AC: 10    Str: 12    XL:     7   Next: 39%
Magic:  4/15       EV: 12    Int: 17    God:    Vehumet [......]
Gold:   201        SH:  0    Dex: 10    Spells: 4 memorised, 6 levels left

rFire  . . .     SeeInvis .     b - 56 stones
rCold  . . .     Clarity  .     O - +0 robe
rNeg   + . .     SustAt   .     (no shield)
rPois  ∞         Gourm    .     (no helmet)
rElec  +         Spirit   .     (no cloak)
rCorr  .         Warding  .     K - +0 pair of gloves
rMut   .         Stasis   .     (no boots)
MR     .....                    (no amulet)
Stlth  ++........               (no ring)
                                (no ring)

@: stone skin, very slightly contaminated, invisible, not resistant to hostile
enchantments, unstealthy
A: negative energy resistance 1, electricity resistance, unbreathing,
petrification resistance, rot immunity, AC +4
a: Renounce Religion


You were on level 4 of the Dungeon.
You worshipped Vehumet.
Vehumet was noncommittal.
You were not hungry.

You visited 2 branches of the dungeon, and saw 7 of its levels.

You collected 229 gold pieces.
You spent 28 gold pieces at shops.

Inventory:

Hand Weapons
 a - a +2 mace of holy wrath
 g - a +0 shortbow
 l - a +0 quarterstaff
Missiles
 b - 56 stones (in hand)
 j - 37 arrows
Armour
 i - a +0 leather armour
 k - a +0 robe
 w - a +0 buckler
 K - a +0 pair of gloves (worn)
 O - a +0 robe (worn)
Jewellery
 U - an uncursed ring of loudness
Scrolls
 f - 2 scrolls of identify
 s - 2 scrolls of remove curse
 C - a scroll of fear
Potions
 e - a potion of brilliance
 r - a potion of magic {unknown}
 E - a potion of poison {unknown}
 S - a potion of mutation {unknown}
Books
 c - a book of Geomancy

   Spells                             Type                      Level
   a - Sandblast                      Earth                        1
   b - Stoneskin                      Transmutation/Earth          2
   c - Passwall                       Transmutation/Earth          3
   d - Stone Arrow                    Conjuration/Earth            3
   e - Petrify                        Transmutation/Earth          4
   f - Lee's Rapid Deconstruction     Earth                        5
Comestibles
 d - 2 bread rations
 m - 2 chunks of flesh


   Skills:
 - Level 1.5 Dodging
 - Level 2.1 Stealth
 * Level 5.6 Spellcasting
 + Level 3.5 Conjurations
 - Level 0.7 Transmutations
 + Level 5.6 Earth Magic


You had 6 spell levels left.
You knew the following spells:

 Your Spells              Type           Power        Failure   Level  Hunger
a - Sandblast             Erth           ###...       1%          1    None
b - Stoneskin             Trmt/Erth      ###.....     6%          2    #......
c - Lee's Rapid Deconstr  Erth           ###.......   38%         5    ######.
A - Stone Arrow           Conj/Erth      ###...       8%          3    ##.....


Dungeon Overview and Level Annotations

Branches:
Dungeon (6/15)             Temple (1/1) D:4

Altars:
Ashenzari
Cheibriados
Dithmenos
Elyvilon
Fedhas
Gozag
Kikubaaqudgha
Makhleb
Nemelex Xobeh
Okawaru
Qazlal
Ru
Sif Muna
Trog
Vehumet
Xom
Yredelemnul
Zin
The Shining One

Shops:
D:5 ?}

Annotations:
D:5 bollicks1999's ghost, novice MiFi


Innate Abilities, Weirdness & Mutations

You are resistant to torment.
Your stone body is resilient (AC +4).
You are immune to poison.
You resist negative energy.
You are resistant to electric shocks.
You can survive without breathing.
You are immune to petrification.
You are immune to rotting.


Message History

Your +2 mace of holy wrath stops glowing.
b - 58 stones (in hand)
The goblin shoots a stone.
The stone hits you but does no damage. The adder closely misses you.
Casting: Sandblast
Confirm with . or Enter, or press ? or * to list all spells.
Aiming: Sandblast
Press: ? - help, Shift-Dir - straight line, f - adder
Aim: an adder The rocky blast misses the adder.
The adder closely misses you.
The goblin shoots a stone.
The stone barely misses you.
Casting: Sandblast
Confirm with . or Enter, or press ? or * to list all spells.
Aiming: Sandblast
Press: ? - help, Shift-Dir - straight line, f/p - adder
Aim: an adder The rocky blast misses the adder.
The adder closely misses you.
The orc priest mumbles some strange prayers to Beogh against you.
Something smites you!
You die...

,,,,,,,* **,,,**,,,,,,,* *,*
******,* *,,..**,******* *,*
,,*,,,,* *,,..,,,* *,* ,,*,,,,*
#,*#.**,#####***** *,*
******,**##.*#.#,*.#..,,,,,* *,*
*,,,,,,,*#...#..*##..###**,* *,**
*,,,,,,,**,#....,,.....,**,***,,,
****,,,,**,,,#..###go#*,,,,,,,,**
,,,,,,,******#.#@#.#.#****,***,**
,,,,,,,,,,* #..S(((.#####.# *,**
**,,*****,* ######go>.....# *,,,
,,,,* *,* #.(.###### *..# ,,,,*
*,* #...# *... ,,*** **,* #...#
*#.. ,,******,,***
#...########*..
,,,**,,,,,,,**#####...##.....#*..
,,,**,**,***,,...............#*#.


You could see an orc priest, an adder and a goblin.

Vanquished Creatures
  A centaur (D:5)
  Blork the orc (D:5)
  2 orc priests
  A giant frog skeleton (D:5)
  An iguana (D:4)
  2 orc wizards (D:3)
  10 adders
  An ooze (D:2)
  2 adder zombies (D:5)
  3 worms
  A giant gecko (D:3)
  11 orcs
  A ball python (D:2)
  6 bats
  4 hobgoblins
  10 jackals
  7 kobolds
  2 quokkas
  4 giant cockroaches
  A giant gecko zombie (D:5)
  3 giant newts
  2 gnoll zombies (D:3)
  5 goblins
  8 rats
89 creatures vanquished.

Vanquished Creatures (others)
  An ogre (D:4)
1 creature vanquished.

Grand Total: 90 creatures vanquished

Notes
Turn   | Place    | Note
--------------------------------------------------------------
     0 | D:1      | Gargoyl the Gargoyle Earth Elementalist began the quest for the Orb.
     0 | D:1      | Reached XP level 1. HP: 10/10 MP: 3/3
   475 | D:1      | Reached XP level 2. HP: 15/15 MP: 1/5
   479 | D:1      | Learned a level 2 spell: Stoneskin
   524 | D:1      | You fall through a shaft!
   747 | D:2      | Reached skill level 4 in Earth Magic
   747 | D:2      | Reached XP level 3. HP: 19/19 MP: 0/7
   822 | D:1      | Learned a level 3 spell: Stone Arrow
  1703 | D:2      | Reached skill level 1 in Conjurations
  1703 | D:2      | Reached XP level 4. HP: 12/24 MP: 1/9
  2847 | D:2      | Reached XP level 5. HP: 25/28 MP: 0/10
  3433 | D:3      | Found a basalt altar of Yredelemnul.
  3968 | D:3      | Reached XP level 6. HP: 29/32 MP: 0/12
  3979 | D:3      | Learned a level 5 spell: Lee's Rapid Deconstruction
  4343 | D:5      | Entered Level 5 of the Dungeon
  4354 | D:5      | Reached skill level 5 in Earth Magic
  4453 | D:5      | Noticed Blork the orc
  4462 | D:5      | Noticed bollicks1999's ghost (novice MiFi)
  5416 | D:5      | Killed Blork the orc
  5416 | D:5      | Reached skill level 5 in Spellcasting
  5561 | D:5      | Found Beotacej's Gadget Emporium.
  5583 | D:5      | Found Xitu's Magic Scroll Emporium.
  5595 | D:4      | Found a staircase to the Ecumenical Temple.
  5605 | Temple   | Entered the Ecumenical Temple
  5710 | Temple   | Became a worshipper of Vehumet
  5759 | D:5      | Reached XP level 7. HP: 30/36 MP: 0/15
  5789 | D:5      | Bought a scroll of identify for 28 gold pieces
  5959 | D:4      | HP: 1/36 [ogre/giant club (13)]
  5970 | D:4      | Killed from afar by an orc priest

Action                   |  1- 3 |  4- 6 |  7- 9 || total
-------------------------+-------+-------+-------++-------
Melee: Unarmed           |     3 |       |       ||     3
       Club              |    10 |     1 |       ||    11
       Mace              |       |    26 |     2 ||    28
 Cast: Sandblast         |    74 |   182 |    16 ||   272
       Stoneskin         |       |    11 |     1 ||    12
       Stone Arrow       |       |     1 |       ||     1
  Use: Scroll            |       |     9 |       ||     9
       Potion            |       |     1 |     2 ||     3
 Stab: Sleeping          |     3 |       |       ||     3
  Eat: Chunk             |     3 |    13 |       ||    16
